 Dungeon Crawl Stone Soup version 0.29-a0-330-g52719c12eb (webtiles) character file.

Game seed: 4857573490941496337

109 jt the Sneak (level 4, -2/25 HPs)
             Began as a Vine Stalker Delver on Apr 22, 2022.
             Slain by Ijyb
             ... wielding a +0 dagger
              (4 damage)
             ... on level 4 of the Dungeon.
             The game lasted 00:02:14 (360 turns).

jt the Sneak (Vine Stalker Delver)                   Turns: 360, Time: 00:02:14

Health: -2/25      AC:  3    Str: 14    XL:     4   Next: 89%
Magic:  0/5        EV: 12    Int: 10    God:
Gold:   32         SH:  0    Dex: 18    Spells: 3/3 levels left

rFire   . . .      SeeInvis .   a - +0 short sword
rCold   . . .      Faith    .   (no shield)
rNeg    . . .      Spirit   +   b - +0 leather armour
rPois   .          Reflect  .   (no helmet)
rElec   .          Harm     .   (no cloak)
rCorr   .          Rampage  .   (no gloves)
Will    .....                   (no boots)
Stlth   +++.......              (no amulet)
HPRegen 0.88/turn               (no ring)
MPRegen 0.09/turn               (no ring)

@: mighty
A: fangs 2, regeneration 1, magic shield, antimagic bite, no potion heal 2
a: no special abilities


You were on level 4 of the Dungeon.
You visited 1 branch of the dungeon, and saw 3 of its levels.

You collected 32 gold pieces.

Inventory:

Hand Weapons
 a - a +0 short sword (weapon)
 i - a +0 spear
Armour
 b - a +0 leather armour (worn)
Wands
 g - a wand of digging (3)
Scrolls
 c - a scroll of fog
Potions
 d - a potion of might


   Skills:
 + Level 4.0 Fighting
 + Level 3.3 Short Blades
 - Level 1.5 Dodging
 - Level 6.0 Stealth


You had 3 spell levels left.
You didn't know any spells.
Your spell library was empty.

Dungeon Overview and Level Annotations

Branches:
Dungeon (6/15)
 Temple: D:4-7

Altars:

Annotations:
D:4 Ijyb
D:6 2 transporters, boracarina's ghost, novice DsBe


Innate Abilities, Weirdness & Mutations

You have extremely sharp teeth.
Your natural rate of healing is unusually fast.
When hurt, damage is shared between your health and your magic reserves.
Your bite disrupts and absorbs the magic of your enemies.
Potions cannot restore your health.


Message History

You feel invigorated.
The adder is almost dead.
You feel sick. The adder bites you but does no damage.
Ijyb screams, "Me kill you!"
You closely miss the adder. Your bite misses the adder.
The adder is almost dead.
You feel sick. The adder barely misses you.
The adder bites you but does no damage.
You closely miss the adder.
The adder is almost dead.
You feel sick. The adder barely misses you.
You hit the adder.
You kill the adder!
You feel sick.
You hit the ufetubus. Your bite misses the ufetubus.
The ufetubus is almost dead.
You feel sick. The ufetubus closely misses you. The ufetubus hits you.
The ufetubus hits you but does no damage.
The ufetubus barely misses you.
You miss the ufetubus.
The ufetubus is almost dead.
You feel sick. The ufetubus barely misses you.
The ufetubus hits you but does no damage.
You puncture the ufetubus!
You kill the ufetubus!
You feel sick.
You are no longer poisoned.
Ijyb zaps a wand.
The mass of ice explodes!
The iceblast engulfs you!
Ouch! That really hurt!
* * * LOW HITPOINT WARNING * * *
Your Fighting skill increases to level 4!
Ijyb hits you with a +0 dagger.
* * * LOW HITPOINT WARNING * * *
You see here an adder corpse.
Okay, then.
Sorry, you're not good enough to have a special ability.
You are too injured to fight recklessly!
You hit Ijyb but do no damage. Your bite misses Ijyb.
Ijyb hits you with a +0 dagger.
You die...

#.# #.# #
#.# ## .##
#.#
.###..#
#>###
....#.#
#...##
.......
###..#
....#
##.##....#
#..@g...#
####....#
.>..#
....#
....#
#####


You could see Ijyb.

Vanquished Creatures
  A bullfrog (D:6)
  3 adders
  A shadow imp (D:4)
  2 ufetubi
7 creatures vanquished.

Vanquished Creatures (others)
  A plant (D:6)
1 creature vanquished.

Grand Total: 8 creatures vanquished

Notes
Turn   | Place    | Note
-------+----------+-------------------------------------------
     0 | D:5      | jt the Vine Stalker Delver began the quest for the Orb.
     0 | D:5      | Reached XP level 1. HP: 11/11 MP: 2/2
     7 | D:5      | Noticed a water moccasin
    20 | D:5      | Noticed a jelly
    30 | D:5      | Reached XP level 2. HP: 12/16 MP: 3/3
    43 | D:6      | Noticed an ogre
    44 | D:6      | Noticed a troll
    45 | D:6      | Found a transporter.
    47 | D:6      | Noticed boracarina's ghost (novice DsBe)
    47 | D:6      | Noticed a brown ugly thing
    49 | D:6      | Noticed a sky beast
    81 | D:6      | Found a transporter.
    83 | D:6      | Noticed a bullfrog
    90 | D:6      | Killed a bullfrog
    91 | D:6      | Reached XP level 3. HP: 19/21 MP: 4/4
    91 | D:6      | Gained mutation: Your natural rate of healing is unusually
                  | fast. [Vine Stalker growth]
    91 | D:6      | Reached XP level 4. HP: 23/25 MP: 5/5
   146 | D:6      | Noticed a gnoll sergeant
   308 | D:5      | Noticed a water moccasin
   346 | D:4      | Noticed Ijyb
   359 | D:4      | HP: 1/25 [Ijyb/+0 dagger (3)]
   360 | D:4      | Slain by Ijyb

Illustrated notes

Levels and vault maps discovered:
D:4:      layout_rooms, uniq_ijyb, uniq_natasha
D:5:      layout_cave_pools, minmay_temple_entry_statues_fountains, uniq_duvessa
D:6:      lemuel_castle_with_subvaults [lemuel_castle_interior_carwin_3],
          layout_loops_ring, gammafunk_ghost_arena

Skill      XL: |  1  2  3  4 |
---------------+-------------+-----
Fighting       | 3 4 |  4.0
Short Blades   | 2 3 |  3.3
Dodging        | |  1.5
Stealth        | |  6.0

Action                   |  1- 3 |  4- 6 || total
-------------------------+-------+-------++-------
Melee: Short sword       |     6 |    27 ||    33
       Bite              |       |     5 ||     5
  Use: Potion            |     1 |     3 ||     4
       Scroll            |       |     3 ||     3
 Stab: Sleeping          |     1 |       ||     1
Armor: Leather armour    |     2 |    10 ||    12
Dodge: Dodged            |     3 |    20 ||    23

Table legend: (Time is in decaauts)
 A = Elapsed time spent in this place.
 B = Non-inter-level travel time spent in this place.
 C = Inter-level travel time spent in this place.
 D = Time resting spent in this place.
 E = Time spent auto-exploring this place.
 F = Levels seen in this place.
 G = Mean time per level.
                   A        B        C        D        E       F      G
               +--------+--------+--------+--------+--------+-----+--------+
         Total |    344 |    294 |     50 |     21 |      5 |   3 |  114.7 |
       Dungeon |    344 |    294 |     50 |     21 |      5 |   3 |  114.7 |
               +--------+--------+--------+--------+--------+-----+--------+

Top non-repeatable levels by time:
     D:6: 246 daAuts
     D:5: 76 daAuts
     D:4: 21 daAuts
